 Dungeon Crawl Stone Soup version 0.29.1-15-g9cfb28693d (webtiles) character file.

Game seed: 13258485453544852629

592 zeram the Cutter (level 7, -1/33 HPs)
             Began as a Spriggan Brigand on Mar 15, 2023.
             Was an Initiate of Dithmenos.
             Slain by a river rat (7 damage)
             ... in a sewer.
             The game lasted 00:10:31 (6327 turns).

zeram the Cutter (Spriggan Brigand)                 Turns: 6327, Time: 00:10:32

Health: -1/33      AC:  2    Str:  7    XL:     7   Next: 16%
Magic:  11/11      EV: 20    Int: 14    God:    Dithmenos [......]
Gold:   120        SH:  0    Dex: 17    Spells: 9/11 levels left

rFire   . . .      SeeInvis +   a - +2 dagger
rCold   . . .      Faith    .   (no shield)
rNeg    . . .      Spirit   .   b - +0 robe
rPois   .          Reflect  .   (helmet restricted)
rElec   .          Harm     .   q - scarf {repulsion}
rCorr   .          Rampage  .   (gloves unavailable)
Will    +....                   (boots unavailable)
Stlth   ++........              (no amulet)
HPRegen 0.11/turn               (no ring)
MPRegen 0.12/turn               (no ring)

@: repel missiles, slow
A: very small, no large weapons, unfitting armour, see invisible, speed 3
a: Renounce Religion


You were in a sewer.
You worshipped Dithmenos.
Dithmenos was noncommittal.
You visited 2 branches of the dungeon, and saw 6 of its levels.
You also visited: Sewer.

You collected 120 gold pieces.

Inventory:

Hand Weapons
 a - a +2 dagger (weapon)
Missiles
 d - 10 poisoned darts (quivered)
 e - 3 curare-tipped darts
 i - 5 atropa-tipped darts
 p - 2 throwing nets
Armour
 b - a +0 robe (worn)
 c - a +0 cloak
 q - a scarf of repulsion (worn)
Scrolls
 f - 2 scrolls of magic mapping
 g - a scroll of noise
 j - a scroll of poison
 o - 2 scrolls of butterflies
 r - a scroll of amnesia
Potions
 h - a potion of flight
 k - a potion of curing
 l - a potion of attraction
 m - a potion of brilliance
 n - 4 potions of degeneration
 s - a potion of lignification {unknown}
 t - a potion of invisibility {unknown}
 u - 2 potions of resistance {unknown}


   Skills:
 - Level 1.5 Fighting
 + Level 6.7 Short Blades
 - Level 2.0 Throwing
 + Level 5.8 Dodging
 - Level 5.8 Stealth
 * Level 2.5 Spellcasting


You had 9 spell levels left.
You knew the following spells:

 Your Spells              Type           Power      Damage    Failure   Level
a - Static Discharge      Conj/Air       1%         3-4/arc   34%         2

Your spell library contained the following spells:

 Spells                   Type           Power      Damage    Failure   Level
 Dispel Undead            Necr           1%         3d6       92%         4
 Sticky Flame             Conj/Fire      1%         2d3       92%         4


Dungeon Overview and Level Annotations

Branches:
Dungeon (5/15)             Temple (1/1) D:4           Sewer (1/1)

Altars:
Dithmenos
Fedhas
Hepliaklqana
Kikubaaqudgha
Nemelex Xobeh
Okawaru
Qazlal
Sif Muna
Trog
Uskayaw
Vehumet
Xom
Yredelemnul
Zin
The Shining One

Shops:
D:4 **

Annotations:
D:4 Pikel


Innate Abilities, Weirdness & Mutations

You are very small and have problems with some larger weapons.
You are too small for most types of armour.
You have supernaturally acute eyesight. (SInv)
You cover ground extremely quickly. (Speed+++)


Message History

The bat hits you but does no damage. The bat barely misses you.
The bat attacks as you move away! The bat barely misses you.
A bat comes into view.
The bat misses you.
Your unstable footing causes you to fumble your attack.
The bat hits you but does no damage. The river rat misses you.
You closely miss the river rat. The bat barely misses you.
Your unstable footing causes you to fumble your attack.
The river rat closely misses you.
Your unstable footing causes you to fumble your attack.
The bat hits you but does no damage. The river rat closely misses you.
You closely miss the river rat. The bat completely misses you. x2
You hit the river rat.
The river rat is lightly wounded.
The bat hits you. The bat hits you but does no damage.
The river rat closely misses you.
Your unstable footing causes you to fumble your attack.
The bat completely misses you. The bat closely misses you. The bat misses you.
The river rat barely misses you. x2
You hit the river rat.
The river rat is moderately wounded.
The bat completely misses you. The bat closely misses you.
The river rat bites you! The river rat completely misses you.
You hit the river rat.
The river rat is heavily wounded.
Your unstable footing causes you to fumble your attack.
The bat misses you. The bat closely misses you. The bat misses you.
The river rat bites you!
* * * LOW HITPOINT WARNING * * *
The river rat closely misses you.
Your unstable footing causes you to fumble your attack.
The bat hits you but does no damage. The bat misses you.
Your unstable footing causes you to fumble your attack.
The bat misses you. The river rat completely misses you.
The river rat misses you.
You closely miss the river rat.
The river rat is heavily wounded.
The bat barely misses you. The bat completely misses you.
The river rat bites you!
You die...

#∩.............~.~~~~~#
#∩......†÷......~.~~~~#
#####''#####''#####~≈~#
#....# #....# #~≈~#
###### ###### #~≈~#
############~≈~#######
~~~~~~~~...~~≈~≈≈≈≈≈≈≈
≈≈≈≈≈≈bbr≈≈≈≈≈.≈≈≈≈≈≈≈
~~~~~~.@r~~.~~~≈≈≈≈≈≈≈
######################


You could see 2 river rats and 2 bats.

Vanquished Creatures
  Sigmund (D:2)
  A phantom (D:4)
  2 lemures (D:4)
  Blork the orc (D:4)
  A hound (D:4)
  An orc wizard (D:3)
  7 adders
  4 gnolls
  4 river rats (Sewer)
  An ufetubus (D:4)
  4 worms
  6 orcs
  4 ball pythons
  5 endoplasms
  5 giant cockroaches
  10 goblins
  6 hobgoblins
  2 jackals (D:1)
  3 kobolds
  3 quokkas
  2 bats
  5 rats
78 creatures vanquished.

Notes
Turn   | Place    | Note
-------+----------+-------------------------------------------
     0 | D:1      | zeram the Spriggan Brigand began the quest for the Orb.
     0 | D:1      | Reached XP level 1. HP: 10/10 MP: 2/2
   290 | D:1      | Reached XP level 2. HP: 6/14 MP: 3/3
   557 | D:1      | Reached skill level 3 in Short Blades
   809 | D:2      | Found a sparkling altar of Nemelex Xobeh.
   896 | D:2      | Reached XP level 3. HP: 18/18 MP: 4/4
   896 | D:2      | Noticed Sigmund
   905 | D:2      | Killed Sigmund
   906 | D:2      | Reached skill level 5 in Short Blades
   906 | D:2      | Reached XP level 4. HP: 22/22 MP: 5/5
   906 | D:2      | Reached XP level 5. HP: 25/25 MP: 6/6
  1363 | D:3      | Identified the +8 war axe of Gozag's Vengeance {elec, rN+}
  1849 | D:3      | Found a glowing silver altar of Zin.
  2320 | D:3      | Found a radiant altar of Vehumet.
  2683 | D:4      | Reached XP level 6. HP: 24/30 MP: 6/8
  2811 | D:4      | Found Xizoragy's Specific Store.
  2812 | D:4      | Found Itucs's General Store.
  3094 | D:3      | Reached skill level 1 in Spellcasting
  3381 | D:3      | Learned a level 2 spell: Static Discharge
  3600 | D:4      | Reached skill level 5 in Dodging
  3664 | D:4      | Reached skill level 6 in Short Blades
  3868 | D:4      | Noticed Pikel
  4101 | D:4      | Noticed Blork the orc
  4107 | D:4      | Found a staircase to the Ecumenical Temple.
  4108 | D:4      | Killed Blork the orc
  4118 | Temple   | Entered the Ecumenical Temple
  4118 | Temple   | Found a transporter.
  4118 | Temple   | Found a transporter.
  4122 | Temple   | Found a transporter.
  4122 | Temple   | Found a transporter.
  4160 | Temple   | Became a worshipper of Dithmenos the Shadowed
  4968 | D:4      | Reached XP level 7. HP: 24/33 MP: 11/11
  4977 | D:5      | Entered Level 5 of the Dungeon
  4977 | D:5      | Found a glowing drain.
  5043 | Sewer    | Entered a sewer
  6327 | Sewer    | Slain by a river rat

Illustrated notes

Levels and vault maps discovered:
D:1:      dpeg_arrival_rhombi, layout_rooms
D:2:      layout_loops_ring, basic_altar, uniq_sigmund
D:3:      layout_basic, pf_just_have_faith, zin_treasury
D:4:      layout_loops_ring, temple_hall, nicolae_specific_store,
          minmay_goblin_outpost, uniq_blork_the_orc, uniq_pikel
D:5:      layout_layer_cave, nicolae_elyvilon_peaceful_grove,
          gup_sewer_entry_glass
Temple:   hellmonk_temple_divided_pantheon
Sewer:    sewer_fruit_machine

Skill      XL: |  1  2  3  4  5  6 |
---------------+-------------------+-----
Short Blades   | 3 5 6 |  6.7
Dodging        | 2 4 5 |  5.8
Spellcasting   | 2 |  2.5
Fighting       | |  1.5
Throwing       | |  2.0
Stealth        | |  5.8

Action                   |  1- 3 |  4- 6 |  7- 9 || total
-------------------------+-------+-------+-------++-------
Melee: Dagger            |    46 |   315 |   153 ||   514
       Punch             |       |       |     1 ||     1
Throw: Dart              |       |     4 |    13 ||    17
  Use: Scroll            |       |    13 |     1 ||    14
       Potion            |       |     1 |     2 ||     3
 Stab: Sleeping          |     8 |     8 |     1 ||    17
       Distracted        |       |       |     1 ||     1
Armor: Robe              |     6 |    10 |    15 ||    31
Dodge: Dodged            |    27 |   230 |   168 ||   425
       Repelled          |       |     2 |       ||     2
